Map: Year Zero LE

Players

Throwfordays - Winner!

  • Race: Protoss Protoss
  • League: Bronze
  • Spawn Location: 11:00

zurdo

  • Race: Zerg Zerg
  • League: Bronze
  • Spawn Location: 1:00

VOD

Have the link to the VOD?

Description

Time

  • Played on: Feb. 2, 2019, 12:22 p.m.
  • Length: 9:10
Show
View Real Time Build Order
Export as new Build Order

Throwfordays Protoss - Winner!

Build Orders:  

Get SALT Encoding   

  12  0:00  Probe  
  13  0:12  Probe  
  14  0:18  Pylon  
  14  0:24  Probe  
  15  0:38  Gateway, Probe  
  16  0:52  Probe  
  17  0:57  Assimilator  
  17  1:04  Probe  
  18  1:16  Probe  
  19  1:25  Cybernetics Core  
  19  1:27  Gateway  
  19  1:28  Probe  
  19  1:31  Forge  
  20  1:40  Probe  
  20  1:43  Warp Gate  
  20  1:45  Zealot  
  23  1:51  Pylon  
  22  2:16  Photon Cannon  
  22  2:21  Assimilator, Adept  
  24  2:23  Adept  
  26  2:44  Protoss Ground Weapons Level 1  
  26  2:49  Pylon  
  24  3:09  Nexus  
  24  3:10  Probe  
  25  3:22  Probe  
  26  3:32  Gateway  
  26  3:34  Probe  
  26  3:37  Gateway  
  27  3:47  Adept  
  27  3:48  Adept  
  31  3:53  Probe  
  32  4:05  Probe  
  33  4:12  Pylon  
  33  4:17  Probe  
  34  4:29  Probe  
  35  4:32  Stalker  
  35  4:33  Stalker  
  35  4:36  Stalker  
  35  4:38  Probe  
  41  4:41  Probe  
  43  4:46  Probe  
  43  4:50  Probe  
  44  4:55  Probe  
  44  4:58  Probe  
  47  5:07  Probe  
  47  5:08  Probe  
  47  5:12  Gateway  
  49  5:17  Stalker  
  49  5:19  Probe  
  49  5:20  Sentry  
  54  5:22  Sentry  
  54  5:25  Adept  
  58  5:32  Probe  
  59  5:42  Pylon  
  59  5:44  Probe  
  60  5:55  Twilight Council  
  60  5:57  Robotics Facility  
  60  5:58  Robotics Facility  
  60  6:04  Gateway  
  60  6:05  Stalker x3  
  60  6:09  Stalker  
  68  6:17  Assimilator  
  68  6:20  Assimilator  
  64  7:07  Pylon  
  64  7:17  Immortal  
  64  7:22  Pylon  
  68  7:24  Pylon  
  68  7:25  Pylon, Adept, Immortal  
  68  7:26  Adept x2  
  66  7:59  Stalker x4  
  66  8:02  Zealot x2  
  70  8:44  Pylon  
  70  8:49  Stalker  
  70  8:50  Stalker x5  
Show
View Real Time Build Order
Export as new Build Order

zurdo Zerg 

Build Orders: Pool First 

Get SALT Encoding   

  12  0:14  Drone  
  12  0:15  Drone  
  14  0:30  Spawning Pool  
  14  0:35  Overlord  
  13  0:45  Overlord  
  13  1:09  Drone  
  14  1:18  Queen  
  14  1:21  Zergling x4  
  18  1:25  Zergling x2  
  19  1:37  Zergling x2  
  20  1:47  Zergling x2  
  21  2:24  Zergling x4  
  21  2:25  Zergling x2  
  20  3:05  Zergling x6  
  23  3:20  Extractor  
  22  3:42  Spine Crawler  
  22  3:46  Spine Crawler  
  20  4:06  Zergling x2  
  20  4:07  Zergling x10  
  26  4:38  Roach Warren  
  25  4:43  Metabolic Boost  
  25  4:51  Drone  
  25  4:52  Drone x4  
  30  4:58  Overlord  
  30  5:09  Lair  
  30  5:39  Hatchery  
  29  5:56  Spore Crawler  
  28  6:11  Drone x5  
  31  6:12  Drone x2  
  31  6:13  Spore Crawler  
  34  6:28  Overseer  
  26  6:45  Roach x2  
  26  6:46  Roach  
  27  6:52  Roach  
  27  6:53  Roach x2  
  33  7:15  Spine Crawler  
  32  7:26  Roach x2  
  30  7:53  Roach x4  
  30  7:54  Roach  
  32  8:16  Spine Crawler  
Tags
 
Matchup
PvZ
Opening
Pool First
Replay Pack
Multiplayer
Spawn Locations
Close Positions
Add a new tag
Caveats
  • Supply blocks, unpowered buildings, or Contaminate may cause inaccurate times.
  • Supply counts are checked every 10 seconds.